 Dungeon Crawl Stone Soup version 0.25.0-26-g0c896c7088 (webtiles) character file.

Game seed: 5248286636663868399

82 xccam the Insei (level 4, -3/28 HPs)
             Began as an Octopode Transmuter on July 1, 2020.
             Slain by a goblin
             ... wielding a +0 spear
              (4 damage)
             ... on level 3 of the Dungeon.
             The game lasted 00:01:57 (2176 turns).

xccam the Insei (Octopode Transmuter)               Turns: 2176, Time: 00:01:57

Health: -3/28      AC:  1    Str:  9    XL:     4   Next: 43%
Magic:  6/7        EV: 13    Int: 15    God:
Gold:   16         SH:  0    Dex: 13    Spells: 4/7 levels left

rFire    . . .     SeeInvis .     - Unarmed
rCold    . . .     Gourm    .   (no shield)
rNeg     . . .     Faith    .   (helmet restricted)
rPois    .         Spirit   .   m - amulet of the acrobat
rElec    .         Reflect  .   l - ring of flight
rCorr    .         Harm     .   (no ring)
MR       .....                  (no ring)
Stlth    ++........             (no ring)
HPRegen  0.09/turn              (no ring)
MPRegen  0.10/turn              (no ring)
                                (no ring)
                                (no ring)

@: appendage (expiring)
A: almost no armour, stealthy swim, amphibious, 8 rings, constrict 8, tentacle
spike 3, camouflage 1, gelatinous body 1
a: End Transformation, Evoke Flight


You were on level 3 of the Dungeon.
You were not hungry.
One of your tentacles had a temporary spike.
You visited 1 branch of the dungeon, and saw 3 of its levels.

You collected 16 gold pieces.

Inventory:

Missiles
 a - 53 arrows
Jewellery
 l - a ring of flight (left tentacle)
 m - an amulet of the acrobat (around mantle)
Scrolls
 b - a scroll of fog {unknown}
 d - a scroll of fear {unknown}
 f - a scroll of remove curse {unknown}
 h - a scroll of identify {unknown}
 i - a scroll of noise {unknown}
Potions
 e - a potion of lignification {unknown}
 g - a potion of curing
 j - 2 potions of heal wounds {unknown}
 k - a potion of berserk rage {unknown}
 o - 2 potions of degeneration {unknown}
Comestibles
 c - 7 rations
 n - 3 chunks of flesh


   Skills:
 - Level 1.0 Fighting
 - Level 2.0 Dodging
 + Level 5.1 Unarmed Combat
 - Level 2.0 Spellcasting
 - Level 2.0 Transmutations


You had 4 spell levels left.
You knew the following spells:

 Your Spells              Type           Power        Failure   Level  Hunger
a - Beastly Appendage     Tmut           #.....       10%         1    #......
b - Sticks to Snakes      Tmut           #.......     14%         2    ###....

Your spell library contained the following spells:

 Spells                   Type           Power        Failure   Level  Hunger
 Spider Form              Tmut/Pois      #.........   41%         3    ###....
 Ice Form                 Ice/Tmut       #.......     82%         4    #####..
 Blade Hands              Tmut           #.........   95%         5    ######.


Dungeon Overview and Level Annotations

Branches:
Dungeon (3/15)

Altars:


Innate Abilities, Weirdness & Mutations

You cannot wear most types of armour.
You are very stealthy in the water. (Stealth+)
You are amphibious.
You can wear up to eight rings at the same time.
You can use your tentacles to constrict eight enemies at once.
Your skin changes colour to match your surroundings (Stealth+).
Your rubbery body absorbs attacks. (AC +1, EV +1)
One of your tentacles bears a large vicious spike.


Message History

The goblin closely misses you.
You tentacle-slap the orc priest. You grab the orc priest.
You squeeze the orc priest.
The orc priest is severely wounded.
You constrict the orc priest.
The orc priest drinks a potion.
The orc priest is healed!
A jackal comes into view.
The goblin closely misses you.
You barely miss the orc priest.
The orc priest is lightly wounded.
Your transformation is almost over.
You constrict the orc priest, but do no damage.
The orc priest hits you with a +0 mace!
* * * LOW HITPOINT WARNING * * *
You tentacle-slap the orc priest but do no damage.
You pierce the orc priest.
The orc priest is heavily wounded.
You constrict the orc priest.
The goblin hits you from afar with a +0 spear.
You die...

...##.##........
..............88≈≈≈
....#..........≈≈≈≈
..#...........≈≈≈≈
#..........$.≈≈≈≈
#......(....≈≈≈≈≈
#.#...........≈≈≈≈≈
#.............≈≈≈≈.
#...o@..†.)..≈≈≈≈.
#.%.......<.≈≈≈≈≈#
#........g..$.≈≈≈≈≈#
#.#..#.<......≈≈≈≈##
#...###...#.##≈≈≈≈#
..## #...#.# ≈≈≈≈# #
#...... ≈≈≈≈#
#.......≈≈≈≈≈# #.
... ≈≈≈≈.


You could see an orc priest and a goblin.

Vanquished Creatures
  3 adders (D:2)
  An ooze (D:1)
  A leopard gecko (D:1)
  3 orcs
  A ball python (D:1)
  A giant cockroach (D:2)
  7 goblins
  5 hobgoblins
  3 jackals
  4 bats (D:1)
  7 frilled lizards
  6 kobolds
  4 rats
46 creatures vanquished.

Notes
Turn   | Place    | Note
-------+----------+-------------------------------------------
     0 | D:1      | xccam the Octopode Transmuter began the quest for the Orb.
     0 | D:1      | Reached XP level 1. HP: 13/13 MP: 3/3
   314 | D:1      | Reached XP level 2. HP: 17/18 MP: 3/5
   584 | D:1      | Reached skill level 4 in Unarmed Combat
   671 | D:1      | Reached XP level 3. HP: 22/23 MP: 6/6
  1439 | D:2      | Found a faded altar of an unknown god.
  1444 | D:2      | Learned a level 2 spell: Sticks to Snakes
  1490 | D:2      | Reached XP level 4. HP: 18/28 MP: 7/7
  2049 | D:3      | Reached skill level 5 in Unarmed Combat
  2175 | D:3      | HP: 1/28 [orc priest/+0 mace (8)]
  2176 | D:3      | Slain by a goblin

Illustrated notes

Levels and vault maps discovered:
D:1:      mrwooster_arrival_statue_3, layout_basic
D:2:      layout_loops_ring, chequers_ecumenical_altar_island
D:3:      wander_river, layout_rooms, first_ration

Skill      XL: |  1  2  3  4 |
---------------+-------------+-----
Unarmed Combat | 4 5 |  5.1
Fighting       | |  1.0
Dodging        | |  2.0
Spellcasting   | |  2.0
Transmutations | |  2.0

Action                   |  1- 3 |  4- 6 || total
-------------------------+-------+-------++-------
Melee: Unarmed           |    76 |    33 ||   109
       Constrict         |    20 |    11 ||    31
       Tentacles         |     6 |     4 ||    10
       Kick              |     1 |     5 ||     6
 Cast: Beastly Appendage |     2 |     2 ||     4
 Stab: Sleeping          |     3 |     1 ||     4
       Distracted        |     1 |       ||     1
  Eat: Chunk             |     2 |     2 ||     4
Armor: Skin              |     8 |     1 ||     9
Dodge: Dodged            |    45 |    23 ||    68
